Map: Kairos Junction LE

Players

Shifter

  • Race: Terran Terran
  • League: Gold
  • Spawn Location: 5:00

oscar - Winner!

  • Race: Terran Terran
  • League: Silver
  • Spawn Location: 11:00

VOD

Have the link to the VOD?

Description

Do you know what pure evil is?
It isn't the probe hiding under your bed with 10 photon cannons and 14 pylons.
What if? Just what if? I built nothing but barracks and command centers?
And sent them to the four coners?
Usually I am an impatient man who cheese.
But I have a copy of Moby Dick with me that I have to finish.
If you are planning to cheese, don't even dare, you will waste even more time.
But perhaps I am bluffing and have already placed 2 barracks within the edges of your base...

Time

  • Played on: July 19, 2019, 9:10 p.m.
  • Length: 12:00
Show
View Real Time Build Order
Export as new Build Order

Shifter Terran 

Build Orders:  

Get SALT Encoding   

  12  0:04  SCV  
  13  0:16  SCV  
  13  0:20  Supply Depot  
  14  0:29  SCV  
  15  0:44  Barracks  
  15  0:47  SCV  
  15  0:49  Supply Depot  
  16  1:04  SCV  
  17  1:16  Barracks  
  17  1:17  Refinery  
  17  1:18  SCV  
  18  1:35  Marine  
  18  1:37  Barracks  
  18  1:38  SCV  
  20  1:48  Barracks  
  20  1:57  Orbital Command  
  20  2:03  Marine  
  21  2:47  Command Center  
  21  2:48  Supply Depot  
  21  2:49  Barracks  
  21  3:01  Barracks  
  21  3:09  Marine  
  21  3:11  Barracks  
  22  3:20  Engineering Bay  
  22  3:21  SCV  
  23  3:36  Barracks  
  23  3:41  SCV  
  24  3:51  Barracks  
  24  4:02  Barracks, SCV  
  25  4:14  SCV  
  26  4:21  Barracks  
  26  4:36  SCV  
  27  4:42  Barracks  
  27  4:44  Barracks  
  28  4:52  SCV  
  28  4:54  Barracks  
  28  5:05  SCV  
  29  5:18  Barracks  
  29  5:20  Barracks  
  29  5:23  SCV  
  30  5:32  Barracks  
  30  5:40  Barracks  
  30  6:14  Barracks  
  30  6:16  Barracks  
  30  6:17  Barracks  
  30  6:19  Barracks  
  30  6:28  SCV  
  31  6:37  Barracks  
  31  6:40  SCV  
  32  6:48  Barracks  
  32  6:56  Barracks  
  32  7:10  Barracks  
  32  7:14  Barracks  
  32  7:23  Barracks  
  32  7:41  Orbital Command  
  20  9:24  Command Center  
  20  9:35  Supply Depot  
  20  9:40  Command Center  
  12  10:09  Command Center  
  12  10:17  Supply Depot  
  12  10:35  Marine  
  12  10:40  Supply Depot  
Show
View Real Time Build Order
Export as new Build Order

oscar Terran - Winner!

Build Orders: Mech 

Get SALT Encoding   

  12  0:01  SCV  
  13  0:17  Supply Depot  
  13  0:24  SCV  
  14  0:36  Refinery  
  14  0:37  SCV  
  15  0:48  Barracks  
  15  0:49  SCV  
  16  1:01  SCV  
  17  1:13  SCV  
  18  1:24  Refinery  
  18  1:25  SCV  
  19  1:37  SCV  
  20  1:41  Supply Depot  
  20  1:42  Barracks Reactor  
  20  1:49  SCV  
  21  2:01  SCV  
  21  2:06  Command Center  
  22  2:13  SCV  
  23  2:17  Factory  
  23  2:25  SCV  
  24  2:38  SCV  
  24  2:42  Marine x2  
  27  2:51  Supply Depot, SCV  
  28  3:00  Factory Tech Lab  
  28  3:07  Bunker  
  28  3:11  SCV  
  29  3:22  Siege Tank  
  29  3:25  Starport  
  31  3:42  Marine x2  
  33  3:48  Orbital Command  
  33  3:52  Orbital Command  
  33  3:54  Siege Tank  
  36  4:07  Engineering Bay  
  36  4:10  Starport Reactor  
  36  4:19  SCV  
  37  4:25  SCV  
  37  4:30  Refinery  
  38  4:32  Siege Tank  
  38  4:37  SCV  
  42  4:38  Missile Turret  
  42  4:48  Medivac x2  
  42  4:49  SCV, Missile Turret  
  47  5:01  SCV  
  47  5:03  Missile Turret  
  48  5:09  Missile Turret  
  48  5:13  SCV  
  49  5:18  Medivac x2  
  53  5:22  Refinery  
  53  5:25  SCV  
  54  5:44  Missile Turret  
  54  6:16  Factory  
  54  6:17  Factory  
  54  6:20  Missile Turret  
  54  7:00  Factory  
  54  7:02  Factory Tech Lab x2  
  54  7:16  Supply Depot  
  54  7:17  Supply Depot  
  54  7:20  Supply Depot  
  54  7:21  Supply Depot  
  54  7:23  Supply Depot  
  54  7:38  Siege Tank, SCV  
  58  7:50  SCV  
  59  7:52  Factory Tech Lab  
  59  7:54  Siege Tank x2  
  65  8:02  SCV  
  66  8:10  Siege Tank  
  69  8:14  SCV  
  70  8:26  Siege Tank, SCV  
  74  9:05  Siege Tank x3  
  83  9:30  Viking x2  
  87  9:40  Supply Depot  
  87  9:55  Siege Tank  
  87  9:56  Siege Tank  
  93  10:02  Siege Tank, Viking x2  
  100  10:26  Supply Depot  
  100  10:27  Supply Depot  
  100  10:32  Viking  
  102  10:47  Viking  
  102  10:48  Siege Tank  
  107  11:02  Viking  
  107  11:04  SCV  
  110  11:16  SCV  
  110  11:17  Viking  
  110  11:18  Command Center  
  113  11:28  SCV  
  116  11:40  SCV  
  118  11:55  Supply Depot  
  118  11:57  Supply Depot  
  118  11:58  Supply Depot  
Tags
 
Composition
Mech
Matchup
TvT
Race
Terran
Spawn Locations
Cross Positions
Strategy
CheeseRush
Add a new tag
Caveats
  • Supply blocks, unpowered buildings, or Contaminate may cause inaccurate times.
  • Supply counts are checked every 10 seconds.